[Event "Late-Titled-Tuesday-Blitz-January-23-2024"]
[Site "Chess.com"]
[Date "2024.01.23"]
[Round "7"]
[White "GMKrikor"]
[Black "Doomfist26"]
[Result "0-1"]
[WhiteElo "2771"]
[BlackElo "2628"]
[TimeControl "180+1"]
[EndTime "15:15:42 PST"]
[Termination "Doomfist26 won on time"]

1. Nf3 Nf6 2. c4 g6 3. Nc3 Bg7 4. e4 d6 5. d4 O-O 6. h3 e5 7.
d5 a5 8. g4 Na6 9. Be3 Nc5 10.
Nd2 h5 11. Be2 h4 12. Bg5 c6 13. Bxh4 Qb6 14. Qc2 Bd7 15. O-O-O Rac8 16. Kb1 cxd5 17. Bxf6 Bxf6 18. Nxd5 Qd8 19. Nf3 Bg7 20. Nc3 Be6 21. Nb5 Rc6 22. Rhg1 Bh6 23. g5 Bg7 24. h4 Nxe4 25. Qxe4 Bf5 26. Bd3 Bxe4 27. Bxe4 Rxc4 28. Bd5 Rb4 29. a4 Qb6 30. Nd2 Rxa4 31. Nc3 Rb4 32. Nc4 Qxf2 33. Rgf1 Qc5 34. Ne4 Qc7 35. Ncxd6 Rd4 36.
Rc1 Qxc1+ 37. Rxc1 Rxd5 38. Rc7 f5 39. gxf6 Bxf6 40.
Rxb7 Bxh4 41. Nc4 Rd4 42. Ned2 Bg3 43. b3 Bf4 44. Nf3 Re4 45. Nh4 Rf6 46. Rb8+ Kg7 47. Rb7+ Kh6 48. Nf3 g5 49. Ne1 g4 50. Nd3 g3 51. Rb8 g2 52. Rg8 Rg6 53. Rh8+ Kg7 0-1

[Event "Late-Titled-Tuesday-Blitz-January-23-2024"]
[Site "Chess.com"]
[Date "2024.01.23"]
[Round "7"]
[White "BogdanDeac"]
[Black "LevonAronian"]
[Result "1-0"]
[WhiteElo "3088"]
[BlackElo "3105"]
[TimeControl "180+1"]
[EndTime "15:15:43 PST"]
[Termination "BogdanDeac won on time"]

1. d4 Nf6 2. c4 c5 3. e3 g6 4.
dxc5 Na6 5. Nc3 Bg7 6. e4 Nxc5 7. f3 O-O 8. Be3 d6 9. Qd2 Be6 10. Rc1 a6 11. b3 b5 12. cxb5 axb5 13. Bxb5 Qa5 14. Nge2 Rfb8 15. Nd4 Nfxe4 16. fxe4 Bxd4 17.
Bxd4 Rxb5 18. Nxb5 Qxb5 19. Bxc5 dxc5 20. a4 Qxb3 21.
O-O Qxa4 22. Qe3 c4 23. Qd4 Qa7 24. Qxa7 Rxa7 25. Ra1 Rc7 26. Rfc1 Kg7 27. Kf2 Rc5 28. Ke3 Rh5 29. h3 Rg5 30. Kf3 h5 31. Rab1 h4 32.
Kf2 Re5 33. Re1 g5 34. Kf3 f6 35. Rec1 Bf7 36. Ra1 Be6 37. Ra7 Kf7 38. Raa1 Rc5 39.
Rc3 Bd7 40. Rac1 Bb5 41. Ke3 Re5 42. Kd4 Bc6 43. Re3 Bb5 44. Rb1 Bc6 45. Rb4 Bb5 46. Rb1 Ba6 47. Ra1 Bb5 48. Ra5 Kg6 49. Rc3 Kh5 50. Rc1 g4 51. Rb1 Bd7 52. Ra7 1-0

[Event "Late-Titled-Tuesday-Blitz-January-23-2024"]
[Site "Chess.com"]
[Date "2024.01.23"]
[Round "7"]
[White "LyonBeast"]
[Black "Msb2"]
[Result "1-0"]
[WhiteElo "3172"]
[BlackElo "3052"]
[TimeControl "180+1"]
[EndTime "15:15:44 PST"]
[Termination "LyonBeast won by checkmate"]

1. e4 e6 2. d4 d5 3. Nc3 Nf6 4. Bg5 dxe4 5. Nxe4 Be7 6. Nxf6+ Bxf6 7. Bxf6 Qxf6 8. Nf3 O-O 9. Qd3 Bd7 10. O-O-O Rd8 11.
Qc3 Nc6 12. Bd3 Ne7 13. Be4 Bc6 14. Bxc6 Nxc6 15. Rhe1 Rac8 16. Kb1 h6 17. a3 Ne7 18.
Qa5 a6 19. Qe5 Rd5 20. Qxf6 gxf6 21. c4 Rd7 22. Kc2 Rcd8 23. Rd2 Kg7 24. Kc3 Ng6 25. g3 c6 26. a4 h5 27. a5 h4 28. b4 Rh8 29. Red1 hxg3 30. hxg3 Rh5 31. Ne1 Rf5 32. f4 Rh5 33. Nd3 Rh3 34. Rg1 f5 35. Nc5 Rc7 36.
Rd3 Ne7 37. g4 Rxd3+ 38. Kxd3 fxg4 39. Rxg4+ Kf8 40. Rg1 Nc8 41. Ne4 Rd7 42. Rh1 Nd6 43. Rh8+ Kg7 44. Rb8 Nf5 45. Nc5 Rxd4+ 46. Kc3 Rxf4 47.
Rxb7 Rf3+ 48. Kc2 Nd6 49. Rb6 Nxc4 50. Rxc6 Ne3+ 51. Kd2 Nd5 52. Nxa6 Ra3 53. Rc5 Kf6 54. Rb5 Ke7 55. Nb8 Kd6 56. a6 Kc7 57. Rb7+ Kc8 58. b5 Nc7 59. Nc6 Nxa6 60. Ra7 Ra2+ 61. Kc3 Nb4 62. Kxb4 Rxa7 63. Nxa7+ Kb7 64. Nc6 f5 65. Nd8+ Kb6 66. Nxe6 Kb7 67. Nf4 Kb6 68. Nd5+ Kb7 69. Kc5 Ka7 70. Kc6 Kb8 71. b6 Kc8 72. b7+ Kb8 73.
Kb6 f4 74. Ne7 f3 75. Nc6# 1-0

[Event "Late-Titled-Tuesday-Blitz-January-23-2024"]
[Site "Chess.com"]
[Date "2024.01.23"]
[Round "7"]
[White "GoltsevDmitry2000"]
[Black "shimastream"]
[Result "0-1"]
[WhiteElo "2824"]
[BlackElo "3013"]
[TimeControl "180+1"]
[EndTime "15:15:45 PST"]
[Termination "shimastream won by checkmate"]

1. e4 b6 2. Nc3 Bb7 3. d4 e6 4.
Nf3 Bb4 5. Bd3 Nf6 6. Qe2 d5 7. exd5 Qxd5 8. a3 Bxc3+ 9. bxc3 Nbd7 10. Bf4 c5 11. c4 Qh5 12. c3 O-O 13. O-O Bxf3 14.
Qxf3 Qxf3 15. gxf3 Rac8 16. a4 Nb8 17. Rfb1 cxd4 18.
cxd4 Nc6 19. c5 Nd5 20. Bd6 Rfd8 21. Ba6 Nxd4 22. Bxc8 Rxc8 23. cxb6 axb6 24. a5 bxa5 25. Rxa5 Nxf3+ 26. Kg2 Nh4+ 27. Kh3 Nf5 28. Be5 h5 29. Rb8 Rxb8 30. Bxb8 g5 31. Be5 Kh7 32. Kg2 Kg6 33. Ra8 f6 34. Bb8 Nh4+ 35. Kf1 Nf3 36. Ra6 Kf5 37. Ra3 Nd2+ 38. Kg2 Nc4 39. Ra4 Ncb6 40.
Ra1 Nd7 41. Bd6 e5 42. Rd1 Nf4+ 43. Kf1 Nb6 44. Be7 Nbd5 45. Bd8 g4 46. Ba5 h4 47. Bd2 Ne6 48. Ra1 h3 49. Be3 Ne7 50. Ra4 Ng6 51.
Kg1 Nh4 52. Kh1 Nf3 53. Rb4 Nc7 54. Rc4 Nd5 55. Ra4 Nc3 56. Rc4 Nd5 57. Ra4 Nc7 58.
Rc4 Ne6 59. Ra4 Ned4 60. Rc4 Ke4 61. Ra4 f5 62. Rb4 f4 63. Bxd4 exd4 64. Rb3 Ne5 65.
Kg1 d3 66. Rb4+ Kd5 67. Rb5+ Kd4 68. Rb2 Kc3 69. Rb5 d2 70. Rd5 Nd3 71. f3 d1=Q# 0-1

[Event "Late-Titled-Tuesday-Blitz-January-23-2024"]
[Site "Chess.com"]
[Date "2024.01.23"]
[Round "7"]
[White "GMG"]
[Black "iulik86"]
[Result "1-0"]
[WhiteElo "2782"]
[BlackElo "2609"]
[TimeControl "180+1"]
[EndTime "15:15:45 PST"]
[Termination "GMG won on time"]

1. Nf3 d5 2. g3 Nd7 3. d4 Nb6 4. a4 a5 5. Nc3 Bf5 6. Nh4 Bd7 7. e4 dxe4 8. Nxe4 e6 9. Bg2 Be7 10. Nf3 Bc6 11. Ne5 Bd5 12. Qg4 g6 13. Qh3 Nf6 14. Nxf6+ Bxf6 15. O-O Bxg2 16. Qxg2 Qxd4 17. Nd3 Qd5 18. Qh3 O-O 19. Bh6 Bg7 20. Bxg7 Kxg7 21. b3 Rad8 22. Rae1 Qf5 23. Qh4 Nd5 24. Qc4 c6 25.
Kg2 Qf6 26. Ne5 Ne7 27. Re2 h5 28. f4 Rd5 29. h3 Rfd8 30. Rff2 Nf5 31. Qc3 Nd4 32.
Re4 c5 33. Qc4 Nf5 34. Qc3 b6 35. Ree2 Rd4 36. g4 hxg4 37. hxg4 Nh4+ 38. Kg3 g5 39. fxg5 Qxg5 40. Rxf7+ Kg8 41. Qe3 Nf5+ 42. Rxf5 Qxe3+ 43. Rxe3 exf5 44. gxf5 Kg7 45. Ng4 R4d5 46. f6+ Kf7 47.
Re7+ Kf8 48. Rb7 R5d6 49. Kf4 Rd4+ 50. Kf5 R8d5+ 51. Ne5 Rd8 52. Ke6 Re8+ 53. Re7 Rd5 54. Rxe8+ 1-0

[Event "Late-Titled-Tuesday-Blitz-January-23-2024"]
[Site "Chess.com"]
[Date "2024.01.23"]
[Round "7"]
[White "Rodalquilar"]
[Black "Statham_01"]
[Result "1-0"]
[WhiteElo "2759"]
[BlackElo "2555"]
[TimeControl "180+1"]
[EndTime "15:15:52 PST"]
[Termination "Rodalquilar won by checkmate"]

1. d4 e6 2. Nf3 f5 3. g3 Nf6 4. Bg2 d5 5. O-O c6 6. b3 Ne4 7.
c4 Bd6 8. Bb2 O-O 9. Qc1 f4 10.
Ba3 fxg3 11. hxg3 Bxa3 12. Nxa3 Bd7 13. Ne5 Nd6 14. Bh3 Nf5 15. Bxf5 Rxf5 16. Qe3 Be8 17. Nc2 Nd7 18. f4 Qb6 19. c5 Qd8 20. b4 h5 21.
Nd3 Qe7 22. Nce1 Nf6 23. Nf3 Ng4 24. Qd2 a5 25. a3 Bg6 26. Nde5 Bh7 27. Ng5 axb4 28.
axb4 Raf8 29. Rf3 Kh8 30. Ra7 Kg8 31. Nxc6 Qf6 32. Ne5 h4 33. Nd7 Qh6 34. Nxf8 Rxf8 35. Nxh7 hxg3 36. e3 Nf2 37. Rxg3 Ne4 38. Qh2 Qxh7 39.
Qxh7+ Kxh7 40. Rh3+ Kg6 41. Rxb7 Nc3 42. Rg3+ Kf5 43.
Rgxg7 Ke4 44. c6 Ra8 45. Ra7 Rb8 46. c7 Rh8 47. Rb7 Ne2+ 48. Kg2 Nc1 49. Rb8 Rh6 50. c8=Q Nd3 51. Qc2 Kxe3 52. Rg3+ Kxf4 53. Rf8+ Rf6 54. Rxf6+ Ke4 55. Qxd3# 1-0

[Event "Late-Titled-Tuesday-Blitz-January-23-2024"]
[Site "Chess.com"]
[Date "2024.01.23"]
[Round "7"]
[White "MyDream003"]
[Black "M1711"]
[Result "0-1"]
[WhiteElo "2835"]
[BlackElo "2659"]
[TimeControl "180+1"]
[EndTime "15:15:58 PST"]
[Termination "M1711 won on time"]

1. Nf3 c5 2. c4 Nf6 3. Nc3 d5 4. cxd5 Nxd5 5. g3 Nc6 6. Bg2 Nxc3 7. bxc3 e5 8. O-O Bd6 9. Rb1 O-O 10. d3 Rb8 11. Ng5 Qc7 12. Ne4 Be7 13. f4 f5 14. Nf2 Be6 15. Qc2 Bd6 16. Nh3 h6 17. fxe5 Nxe5 18. Nf4 Bf7 19. Nd5 Qd7 20. c4 Nc6 21. Bb2 Rbe8 22. Rf2 Be5 23. Rbf1 Bxb2 24. Qxb2 Re5 25. e4 fxe4 26. Bxe4 Ree8 27. Rf6 Nb4 28.
Rxh6 Rxe4 29. dxe4 Nxd5 30. exd5 gxh6 31. Qf6 Qg4 32.
Rf4 Qg7 33. Qf5 Bg6 34. Qe6+ Kh7 35. Rxf8 Qxf8 36. d6 Bf5 37. Qe5 b6 38. Kg2 Qf7 39. h3 Be6 40. g4 Bxc4 41. Kg3 Be6 42. h4 Bd7 43. h5 Qe6 44. Qf4 Kg7 45. g5 hxg5 46.
Qxg5+ Kh7 47. Qf4 Qg8+ 48. Kf2 Qe6 49. Kg3 Qg8+ 50. Kf2 Qxa2+ 51. Kg3 Qg8+ 52. Kf2 Qe6 53. Kg3 Qf5 54. Qd2 Qg4+ 55. Kf2 Qxh5 56. Qe3 Qh2+ 57. Kf1 Qh3+ 0-1

[Event "Late-Titled-Tuesday-Blitz-January-23-2024"]
[Site "Chess.com"]
[Date "2024.01.23"]
[Round "7"]
[White "Viktor_Poddubnyi"]
[Black "Smile2005"]
[Result "1-0"]
[WhiteElo "2271"]
[BlackElo "2414"]
[TimeControl "180+1"]
[EndTime "15:15:58 PST"]
[Termination "Viktor_Poddubnyi won by resignation"]

1. e4 Nc6 2. d4 e6 3. Nf3 d5 4.
e5 Nce7 5. Bd3 c5 6. c3 cxd4 7.
cxd4 Nc6 8. O-O Nge7 9. Nc3 Nf5 10. Be3 Nxe3 11. fxe3 Be7 12. Qe2 a6 13. Qf2 O-O 14.
Qg3 h6 15. Ne2 b5 16. Nf4 Bg5 17. h4 Bxf4 18. Qxf4 f5 19. exf6 Rxf6 20. Qg3 Bd7 21. Ne5 Nxe5 22. dxe5 Rxf1+ 23. Rxf1 Be8 24. Qf4 Qe7 25.
Bb1 Bf7 26. Qd4 Rf8 27. Qd3 g6 28. Rf6 Kh8 29. Qd4 Kg7 30. Qf4 Qc7 31. Bxg6 Qc1+ 32. Kh2 Qc7 33. g4 Qe7 34. Rxf7+ Rxf7 35. Qxf7+ Qxf7 36. Bxf7 Kxf7 37. Kg3 Kg6 38. Kf4 a5 39. Kf3 h5 40. gxh5+ Kxh5 41. Kg3 b4 42. b3 Kh6 43.
Kg4 Kg6 44. h5+ Kh6 45. Kh4 Kh7 46. Kg5 Kg7 47. h6+ Kf7 48. h7 Kg7 49. h8=Q+ Kxh8 50. Kf6 d4 51. exd4 Kg8 52. Kxe6 Kf8 53. Kd7 Kg7 54. e6 Kf6 55. e7 Kf5 56. e8=Q a4 57. bxa4 Kf4 58.
Qe5+ Kf3 59. d5 b3 60. axb3 1-0

[Event "Late-Titled-Tuesday-Blitz-January-23-2024"]
[Site "Chess.com"]
[Date "2024.01.23"]
[Round "7"]
[White "Jumbo"]
[Black "Grischuk"]
[Result "0-1"]
[WhiteElo "2950"]
[BlackElo "3074"]
[TimeControl "180+1"]
[EndTime "15:15:59 PST"]
[Termination "Grischuk won by checkmate"]

1. d4 e6 2. c4 b6 3. a3 Bb7 4. Nc3 f5 5. h4 Nf6 6. Bg5 Be7 7. Nf3 O-O 8. d5 Na6 9. Qc2 Nc5 10. Rd1 Qe8 11. g3 Nfe4 12. Bg2 Nxc3 13. Qxc3 Ne4 14. Qc2 Bc5 15. e3 a5 16. Bf4 h6 17.
dxe6 Qxe6 18. Nd4 Bxd4 19. Rxd4 d6 20. h5 a4 21. g4 Rae8 22. gxf5 Qxf5 23. Rg1 Kh8 24.
Bxe4 Bxe4 25. Qe2 Rf7 26. Kd2 Qf6 27. Kc1 Bh7 28. Qg4 Rfe7 29. Rgd1 Re4 30. f3 Rxd4 31.
Rxd4 Bg8 32. Qd7 Qf7 33. Qxf7 Bxf7 34. e4 Bxh5 35. Rd3 Rf8 36. Be3 Rxf3 37. Kd2 Kh7 38. e5 dxe5 39. Rd7 c5 40. Rd6 Rf6 41. Rd5 Bf7 42.
Rxe5 Bxc4 43. Re7 Bb3 44. Rb7 Kg6 45. Ke1 h5 46. Bf2 Re6+ 47. Kd2 Kf6 48. Bg3 g5 49. Bc7 h4 50. Bxb6 g4 51. Bd8+ Kf5 52. Bxh4 Rd6+ 53.
Kc3 Ke4 54. Re7+ Kf3 55. Re5 g3 56. Rg5 g2 57. Rg3+ Ke4 58. Rxg2 Rd3# 0-1

[Event "Late-Titled-Tuesday-Blitz-January-23-2024"]
[Site "Chess.com"]
[Date "2024.01.23"]
[Round "7"]
[White "UnTucopalaTimba"]
[Black "SocoLoco"]
[Result "0-1"]
[WhiteElo "1934"]
[BlackElo "2198"]
[TimeControl "180+1"]
[EndTime "15:16:00 PST"]
[Termination "SocoLoco won on time"]

1. e4 c5 2. Nf3 e6 3. c3 d5 4.
exd5 Qxd5 5. d4 cxd4 6. Qxd4 Nf6 7. Be2 Nc6 8. Qxd5 exd5 9. Bg5 Be7 10. Nbd2 O-O 11. O-O Re8 12. Bb5 a6 13. Ba4 b5 14.
Bc2 h6 15. Bh4 b4 16. c4 dxc4 17. Nxc4 Bg4 18. Nfe5 Nxe5 19. Nxe5 Be6 20. Rfe1 g5 21. Bg3 Rac8 22. Ba4 Red8 23. Rad1 Rxd1 24. Rxd1 Bxa2 25.
Nc6 Kf8 26. b3 Ne4 27. Nxe7 Kxe7 28. Be5 Nc3 29. Re1 Kf8 30. f4 gxf4 31. Bxf4 Kg7 32. Be5+ Kg6 33. Rf1 f5 34. Bd7 Rf8 35. Bd6 Rf6 36.
Bxb4 Ne2+ 37. Kh1 Bxb3 38. g3 Nd4 39. Bc3 Bd5+ 40. Kg1 Rd6 41. Bxd4 Be4 42. Bxf5+ Bxf5 43. Be5 Rd2 44. Ra1 Bd3 45. Bf4 Rc2 46. h4 h5 47. Ra5 Bb5 48. Ra3 Kf5 49. Ra5 Kg4 50. Ra3 Re2 51. Rc3 a5 52. Ra3 a4 53. Bc7 Rb2 54.
Bf4 Rb3 55. Ra1 a3 56. Be5 Bc4 57. Bd6 Bd5 0-1

[Event "Late-Titled-Tuesday-Blitz-January-23-2024"]
[Site "Chess.com"]
[Date "2024.01.23"]
[Round "7"]
[White "finec2"]
[Black "carloseduar100"]
[Result "1-0"]
[WhiteElo "2208"]
[BlackElo "2291"]
[TimeControl "180+1"]
[EndTime "15:16:01 PST"]
[Termination "finec2 won by checkmate"]

1. d4 d5 2. Bf4 e6 3. e3 Bd6 4. Bg3 Nf6 5. Nd2 Nbd7 6. Ngf3 O-O 7. c3 Re8 8. Ne5 Nf8 9. Bd3 g6 10. f4 Nh5 11. Bf2 f6 12. Nef3 Bxf4 13. exf4 Nxf4 14.
Bf1 e5 15. dxe5 fxe5 16. Be3 Bg4 17. Bxf4 exf4+ 18. Be2 Qe7 19. h3 Bf5 20. Nd4 Bd3 21. N2f3 Qe3 22. Qd2 c5 23. Qxe3 Rxe3 24. Kd2 Bf5 25.
Nxf5 gxf5 26. Bd3 Rae8 27. Rae1 Ng6 28. Bxf5 Kg7 29. Bd3 b6 30. b3 a5 31. Re2 Rxe2+ 32.
Bxe2 Ne7 33. Bb5 Rd8 34. Re1 Nf5 35. Re5 Ne3 36. g4 Kf6 37. Bc6 d4 38. cxd4 cxd4 39. Kd3 Rc8 40. Be4 Rd8 41. Kd2 Rc8 42. Rb5 Rb8 43. a3 Nf1+ 44. Ke1 Ng3 45. Bd3 h5 46.
Nxd4 hxg4 47. hxg4 Rg8 48. Bf5 Kg5 49. Be6+ Kh4 50. Bxg8 Ne4 51. Rxb6 Kxg4 52. Rb5 f3 53. Nxf3 Kxf3 54. Bd5 Ke3 55. Bxe4 Kd4 56. Rxa5 Kc3 57. Rb5 Kd4 58. a4 Kc3 59. a5 Kd4 60. a6 Kc3 61.
Rb7 Kd4 62. a7 Kc3 63. a8=Q Kd4 64. Bh1 Kc3 65. b4 Kc4 66. b5 Kc5 67. b6 Kb5 68. Rc7 Kb4 69. b7 Kb5 70. b8=Q# 1-0

[Event "Late-Titled-Tuesday-Blitz-January-23-2024"]
[Site "Chess.com"]
[Date "2024.01.23"]
[Round "7"]
[White "Polish_fighter3000"]
[Black "GHANDEEVAM2003"]
[Result "0-1"]
[WhiteElo "3091"]
[BlackElo "3075"]
[TimeControl "180+1"]
[EndTime "15:16:02 PST"]
[Termination "GHANDEEVAM2003 won on time"]

1. Nf3 c5 2. g3 g6 3. Bg2 Bg7 4. c4 Nc6 5. Nc3 d6 6. O-O Nh6 7. d4 cxd4 8. Bxh6 Bxh6 9. Nxd4 Bd7 10. e3 O-O 11. Qe2 Rc8 12. Rad1 Bg7 13. b3 Qa5 14. Nd5 Rfe8 15. Qd2 Qxd2 16. Rxd2 Ne5 17. h3 Bc6 18. Rfd1 Nd7 19. Nb4 Bxg2 20. Kxg2 a6 21. Nd5 Kf8 22. g4 Rc5 23. Nc2 Rec8 24. Ncb4 a5 25. Nd3 R5c6 26. a4 e6 27. N5f4 Ke7 28. Ne2 Rb6 29. Nec1 Nf6 30.
f3 d5 31. g5 Nh5 32. cxd5 exd5 33. f4 Rc3 34. Kf3 Rbc6 35. Ne2 Rxb3 36. Ne5 Bxe5 37.
fxe5 Rc4 38. Rxd5 Rxa4 39. Rd7+ Kf8 40. Rd8+ Kg7 41. Re8 Raa3 42. Rdd8 Rxe3+ 43. Kf2 Rf3+ 44. Kg2 Nf4+ 45. Nxf4 Rg3+ 46. Kf2 Rxg5 47. e6 Rf5 48. e7 Rxf4+ 49. Kg2 Rb4 50. Rg8+ Kf6 51. Rd2 Kxe7 52. Rc8 Kf6 53. Rf2+ Kg5 0-1

[Event "Late-Titled-Tuesday-Blitz-January-23-2024"]
[Site "Chess.com"]
[Date "2024.01.23"]
[Round "7"]
[White "IranianCheetah"]
[Black "OPQRC"]
[Result "0-1"]
[WhiteElo "2341"]
[BlackElo "2535"]
[TimeControl "180+1"]
[EndTime "15:16:02 PST"]
[Termination "OPQRC won on time"]

1. e4 c6 2. d4 d5 3. Nd2 dxe4 4. Nxe4 Nf6 5. Nxf6+ exf6 6. c3 Bd6 7. Bd3 O-O 8.
Ne2 Re8 9. Qc2 h5 10. h3 h4 11. Be3 Qc7 12. c4 Nd7 13. c5 Bf8 14. O-O b6 15. b4 a5 16. a3 Ba6 17. Bxa6 Rxa6 18. Rac1 axb4 19. axb4 g6 20. Nc3 b5 21. d5 f5 22. d6 Qc8 23. Bd4 Bg7 24. Qd2 Ra3 25.
Rfe1 Bxd4 26. Qxd4 Rb3 27. Rxe8+ Qxe8 28. Ra1 Qe5 29. Qxe5 Nxe5 30. Ra8+ Kg7 31. Re8 Kf6 32. Ne2 Rxb4 33. f4 Nd7 34. Re7 Nxc5 35. Rc7 Ne4 36. Rxc6 Ng3 37. Nxg3 hxg3 38. Kf1 Ke6 39. Ke2 Rxf4 40.
Rb6 Rf2+ 41. Ke3 Rxg2 42. Kf3 Rb2 43. Kxg3 b4 44. Kf4 b3 45. h4 Rb1 46. Kg5 b2 47.
d7+ Kxd7 48. Kf6 f4 49. Rb3 f3 50. Rd3+ Kc6 51. Rc3+ Kd5 52. Rxf3 Rd1 53. Rb3 Rf1+ 54.
Kg7 b1=Q 55. Rxb1 Rxb1 56. Kxf7 Rh1 57. Kxg6 Rxh4 58. Kf6 Re4 59. Kg5 Re5+ 60. Kg6 Ke6 61. Kg7 Rg5+ 62. Kf8 Rg1 0-1

[Event "Late-Titled-Tuesday-Blitz-January-23-2024"]
[Site "Chess.com"]
[Date "2024.01.23"]
[Round "7"]
[White "mbojan"]
[Black "sergoy"]
[Result "0-1"]
[WhiteElo "2872"]
[BlackElo "3033"]
[TimeControl "180+1"]
[EndTime "15:16:03 PST"]
[Termination "sergoy won on time"]

1. e4 c5 2. Nf3 d6 3. d4 cxd4 4. Nxd4 Nf6 5. Nc3 a6 6. Be2 e5 7. Nb3 Be7 8. O-O O-O 9. Qd3 Be6 10. Bd2 Nbd7 11. Nd5 Rc8 12. c4 Re8 13. Rac1 Bf8 14.
Rfd1 b6 15. Be3 a5 16. f3 a4 17. Nd2 Nc5 18. Qb1 Nxd5 19. cxd5 Bd7 20. b4 axb3 21. axb3 Ra8 22. b4 Na4 23. Nc4 g6 24. Bf1 Rc8 25. Qb3 f5 26. exf5 gxf5 27. Na3 e4 28. f4 Bg7 29. Nb5 Bxb5 30. Bxb5 Nc3 31. Bxe8 Nxd1 32. Qxd1 Qxe8 33. h3 b5 34. Qf1 Ra8 35.
Kh2 Ra3 36. Qe2 Rd3 37. Rc6 Bf8 38. Qc2 Rxe3 39. Rc8 Qg6 40. Qf2 Rd3 41. Qh4 Qg7 42. Rb8 e3 43. Re8 h6 44. Re6 Qf7 45. Qg3+ Kh7 46. Rxe3 Rxe3 47. Qxe3 Qxd5 48. Qe8 Bg7 49. Qd7 Qe4 50. Qxb5 Qxf4+ 51. Kh1 Be5 52. Qd7+ Bg7 53. b5 Kg6 54. Qe8+ Kg5 55. Qd8+ Bf6 56. Qg8+ Kh4 57.
Qd5 Qf1+ 58. Kh2 Be5+ 59. Qxe5 dxe5 60. g3+ Kg5 0-1

[Event "Late-Titled-Tuesday-Blitz-January-23-2024"]
[Site "Chess.com"]
[Date "2024.01.23"]
[Round "7"]
[White "Andrej2004"]
[Black "Herman-NY"]
[Result "0-1"]
[WhiteElo "2605"]
[BlackElo "2494"]
[TimeControl "180+1"]
[EndTime "15:16:04 PST"]
[Termination "Herman-NY won by resignation"]

1. g3 h5 2. Bg2 h4 3. gxh4 Rxh4 4. d4 d5 5. Nf3 Rh8 6. c4 e6 7. Nc3 Nf6 8. Qc2 c6 9. e4 dxe4 10. Nxe4 Nxe4 11. Qxe4 Bb4+ 12. Ke2 Nd7 13. Bf4 Nf6 14. Qd3 Nh5 15. Be5 Bd6 16. Bg3 Nf4+ 17. Bxf4 Bxf4 18.
Qe4 Qf6 19. Ne5 Rh4 20. Nf3 Rh5 21. Rad1 Bd7 22. Kd3 O-O-O 23. Kc3 Kb8 24. h3 Bc8 25. Rhe1 c5 26. b4 cxd4+ 27. Rxd4 Rxd4 28. Qxd4 Qxd4+ 29. Kxd4 Bc7 30. c5 f6 31. Kc3 Bd7 32. Nd2 Be5+ 33. Kb3 Rg5 34. Bf3 Rf5 35. Re3 Kc7 36. Nc4 Bd4 37.
Rd3 Bxf2 38. Bxb7 Bb5 39. Be4 Rh5 40. Rf3 Bxc4+ 41. Kxc4 Bg1 42. Kb5 f5 43. Bd3 g6 44.
a4 e5 45. a5 Bd4 46. a6 Rh7 47. Rf1 e4 48. Be2 Rxh3 49. Kc4 Be5 50. Kd5 Bc3 51.
b5 Rh7 52. Rg1 Rg7 53. Ke6 Bb4 54. Kd5 Bc3 55. Rb1 Kb8 56. b6 Ba5 57. b7 Bc7 58. Rh1 Rg8 59. Kc6 Re8 60. Kd7 Rd8+ 61. Ke6 f4 62. Kf6 f3 63. Bc4 e3 64. Kxg6 e2 65. Kf5 Re8 66. Bxe2 fxe2 67. Re1 Ba5 68. c6 Bxe1 0-1

[Event "Late-Titled-Tuesday-Blitz-January-23-2024"]
[Site "Chess.com"]
[Date "2024.01.23"]
[Round "7"]
[White "sebastianmarinp"]
[Black "Horokoskii"]
[Result "1-0"]
[WhiteElo "2366"]
[BlackElo "2087"]
[TimeControl "180+1"]
[EndTime "15:16:06 PST"]
[Termination "sebastianmarinp won by resignation"]

1. d4 Nf6 2. c4 c5 3. Nf3 cxd4 4. Nxd4 Nc6 5. Nc3 d6 6. g3 g6 7. Bg2 Bg7 8. O-O Nxd4 9. Qxd4 O-O 10. Qh4 Rb8 11. Bh6 Be6 12. b3 Qa5 13. Nb5 a6 14. Nd4 Bd7 15. Rfd1 Qh5 16. Qxh5 Nxh5 17. Bxg7 Nxg7 18.
e3 Nf5 19. Bh3 Rfd8 20. Nxf5 Bxf5 21. Bxf5 gxf5 22. Rd4 Kg7 23. Kg2 Kf6 24. Rad1 Rh8 25. Kf3 h5 26. Rf4 h4 27. Rd5 e6 28. Rxd6 hxg3 29. hxg3 Rbd8 30. Rfd4 Rxd6 31. Rxd6 Ke7 32.
Rd1 Rb8 33. Kf4 Kf6 34. e4 e5+ 35. Kf3 Ke6 36. exf5+ Kxf5 37. Rd6 f6 38. Ke3 Rc8 39. Rb6 Rc7 40. f3 Rd7 41. g4+ Kg5 42. a4 f5 43.
gxf5 Kxf5 44. a5 Kg5 45. Ke4 Re7 46. b4 Rc7 47. c5 Re7 48. c6 bxc6 49. Rxc6 Rb7 50.
Rb6 Rc7 51. Kxe5 Rc4 52. Kd5 Rf4 53. Kc5 Rxf3 54. Rxa6 Kf5 55. Rd6 Rc3+ 56. Kb5 Ke5 57. Rc6 Rh3 58. Kb6 Kd5 59. b5 Rh8 60. Rc7 Rb8+ 61. Rb7 Rc8 62. a6 Kd6 63. a7 Re8 64. Rb8 1-0

[Event "Late-Titled-Tuesday-Blitz-January-23-2024"]
[Site "Chess.com"]
[Date "2024.01.23"]
[Round "7"]
[White "brunoo2003"]
[Black "ferdipy"]
[Result "1-0"]
[WhiteElo "2531"]
[BlackElo "2327"]
[TimeControl "180+1"]
[EndTime "15:16:08 PST"]
[Termination "brunoo2003 won on time"]

1. d4 e5 2. c4 exd4 3. Nf3 Nc6 4.
Nxd4 Nf6 5. Nc3 Bc5 6. Nxc6 dxc6 7. Qxd8+ Kxd8 8. Bg5 Be7 9. O-O-O+ Ke8 10. Bf4 Ng4 11. Ne4 Be6 12. h3 Nf6 13. Nxf6+ Bxf6 14. e4 Rd8 15.
Be2 Rd7 16. Bg4 Bxg4 17. hxg4 h6 18. g5 Rxd1+ 19. Kxd1 Bxb2 20. gxh6 gxh6 21. Rxh6 Rxh6 22. Bxh6 b5 23. Be3 a5 24. Kc2 Bg7 25. Kd3 Kd7 26. f4 Ke6 27. g4 a4 28. g5 Bf8 29.
Bd4 c5 30. f5+ Kd7 31. Be5 b4 32. g6 fxg6 33. fxg6 Ke6 34. g7 Bxg7 35. Bxg7 b3 36. axb3 axb3 37. Kc3 Kf7 38. Be5 c6 39. Kxb3 Ke6 40.
Bf4 Kd7 41. Kb2 Ke6 42. Ka1 Kd7 43. Kb1 Ke6 44. Kc1 Kd7 45. Kd1 Ke6 46. Ke1 Kd7 47.
Kf1 Ke6 48. Kg1 Kd7 49. Kh1 Ke6 50. Kg2 Kd7 51. Kf3 Ke6 52. Be3 Kd6 53. Kf4 Ke6 54.
Bxc5 Kd7 55. Bd4 Ke6 56. Kf3 Kd7 57. Kg2 Ke6 58. Kh1 Kf7 59. Kg1 Kg6 60. Kf1 Kg5 61. Be3+ Kf6 62. Ke2 Ke5 63. Kd3 Ke6 64. Kd4 Kd6 65.
Bf4+ Ke6 66. Kc5 Kd7 67. Bg3 1-0

[Event "Late-Titled-Tuesday-Blitz-January-23-2024"]
[Site "Chess.com"]
[Date "2024.01.23"]
[Round "7"]
[White "tptagain"]
[Black "dropstoneDP"]
[Result "1/2-1/2"]
[WhiteElo "2936"]
[BlackElo "3045"]
[TimeControl "180+1"]
[EndTime "15:16:09 PST"]
[Termination "Game drawn by repetition"]

1. Nf3 d5 2. e3 c5 3. b3 Nf6 4. Bb2 g6 5. c4 dxc4 6. Bxc4 Bg7 7. O-O O-O 8. d4 cxd4 9. Nxd4 Bd7 10. Nd2 Nc6 11. N4f3 Rc8 12. Be2 Bf5 13. Nh4 Be6 14. Nhf3 Qa5 15. a3 Rfd8 16. b4 Qb6 17. Qb1 Bf5 18. Qa2 Be6 19. Bc4 Bxc4 20. Nxc4 Qb5 21. Rac1 Qd5 22. Qb3 b5 23. Ncd2 a5 24. Bxf6 Qxb3 25. Nxb3 Bxf6 26. bxa5 Bb2 27. Rc5 Bxa3 28.
Rxb5 Rb8 29. Rxb8 Rxb8 30. Nfd4 Na7 31. h3 e5 32. Ra1 Bf8 33. a6 exd4 34. Nxd4 Bg7 35.
Ra4 Bxd4 36. exd4 Kf8 37. g4 Rb6 38. Kg2 Ke7 39. Kf3 Kd6 40. Ke4 Rb2 41. f3 f6 42.
h4 Re2+ 43. Kf4 Rh2 44. Rb4 Ra2 45. Rb6+ Nc6 46. h5 Ra4 47. Ke3 gxh5 48. gxh5 h6 49. Ke4 Rxd4+ 50. Kf5 Ra4 51. Kg6 Kc5 52. Rb1 Rxa6 53. Kxh6 Nd4 54. f4 Kd5 55. Kg6 f5+ 56. Kg5 Ke4 57. Re1+ Kd3 58. Rf1 Ke2 59. Rh1 Kf3 60.
h6 Ne6+ 61. Kxf5 Nxf4 62. h7 Ra5+ 63. Kf6 Ra6+ 64. Kf5 Ra5+ 65. Kf6 Ra6+ 66. Kf5 1/2-1/2

[Event "Late-Titled-Tuesday-Blitz-January-23-2024"]
[Site "Chess.com"]
[Date "2024.01.23"]
[Round "7"]
[White "KNVB"]
[Black "AntonSmirnov"]
[Result "0-1"]
[WhiteElo "2771"]
[BlackElo "2989"]
[TimeControl "180+1"]
[EndTime "15:16:11 PST"]
[Termination "AntonSmirnov won on time"]

1. d4 d5 2. Bf4 Nf6 3. e3 c5 4.
c3 Nc6 5. Nd2 Bg4 6. Qb3 Qc8 7.
Ngf3 e6 8. h3 Bf5 9. Be2 h6 10.
O-O Be7 11. a4 O-O 12. a5 a6 13. Ne5 Nd7 14. Ndf3 f6 15. Nxd7 Qxd7 16. c4 g5 17. Bg3 cxd4 18. cxd5 exd5 19. Rfd1 Rac8 20. Nxd4 Nxd4 21. Rxd4 Be6 22. Bf3 Rc5 23. Rad1 Rd8 24. Qa2 Qb5 25. e4 Qxa5 26. Qxa5 Rxa5 27. exd5 Bf7 28.
Bc7 Rc5 29. d6 Re8 30. d7 Rxc7 31. dxe8=Q+ Bxe8 32. Re1 Kf8 33. Rde4 Bf7 34. Rd4 Bb3 35.
Bd5 Bxd5 36. Rxd5 Kf7 37. Red1 Ke6 38. Kf1 Bb4 39. R5d4 a5 40. g4 b6 41. Re4+ Kf7 42. Rd5 Be7 43. Kg2 Kf8 44. Rd3 Kf7 45. Rd5 Kf8 46.
Re6 Rb7 47. Rb5 Bd8 48. Rd6 Ke7 49. Rc6 Kd7 50. Rc3 Be7 51. Rd3+ Kc6 52. Rf5 b5 53. Rc3+ Kb6 54. Re3 a4 55. Re6+ Ka5 56. Kf1 Kb4 57. Rf3 Rd7 58. Re4+ Ka5 59. Ke2 Rc7 60.
Rd3 Bb4 61. Kf3 Rc2 62. Re2 Rc4 63. Re8 Bc5 64. Ra8+ Kb4 65. Ra6 Rf4+ 66. Kg3 Bxf2+ 67. Kg2 Bd4 68. Rd2 Kb3 69. Ra5 b4 70. Rd5 Bxb2 71.
Re2 Bc3 0-1